 Dungeon Crawl Stone Soup version 0.30.1-3-gfc49f6343a (webtiles) character file.

Game seed: 18200266136132976929

841 javelincjr the Sneak (level 8, 0/52 HPs)
             Began as an Octopode Summoner on Aug 9, 2023.
             Slain by a black bear (1 damage)
             ... on level 5 of the Dungeon.
             The game lasted 00:14:48 (3531 turns).

javelincjr the Sneak (Octopode Summoner)            Turns: 3531, Time: 00:14:49

Health: 0/52       AC:  1    Str:  8    XL:     8   Next: 0%
Magic:  1/14       EV: 20    Int: 19    God:
Gold:   234        SH:  0    Dex: 18    Spells: 9/15 levels left

rFire   . . .        g - +2 short sword (drain)
rCold   . . .        (no shield)
rNeg    . . .        (helmet restricted)
rPois   .            A - amulet of the acrobat
rElec   .            c - +6 ring of dexterity
rCorr   .            v - +5 ring of evasion
SInv    .            (no ring)
Will    .....        (no ring)
Stlth   ++++         (no ring)
HPRegen 0.28/turn    (no ring)
MPRegen 0.14/turn    (no ring)
                     (no ring)

%: acrobat
@: no status effects
A: almost no armour, amphibious, 8 rings, camouflage 1, gelatinous body 1,
(nimble swimmer 1), tentacles
a: no special abilities


You were on level 5 of the Dungeon.
You visited 1 branch of the dungeon, and saw 5 of its levels.

You collected 234 gold pieces.

Inventory:

Hand Weapons
 e - a +0 spear
 g - a +2 short sword of draining (weapon)
 r - a +2 vampiric dagger
 s - a +2 dagger of flaming
Missiles
 i - 8 poisoned darts
 m - 2 throwing nets
Jewellery
 c - a +6 ring of dexterity (left tentacle)
 v - a +5 ring of evasion (right tentacle)
 A - an amulet of the acrobat (around mantle)
Scrolls
 b - 10 scrolls of identify {unknown}
 d - 2 scrolls of magic mapping {unknown}
 k - a scroll of butterflies {unknown}
 l - 2 scrolls of enchant armour {unknown}
 o - a scroll of blinking {unknown}
 w - 3 scrolls of teleportation {unknown}
 x - a scroll of vulnerability {unknown}
 y - a scroll of amnesia {unknown}
Potions
 a - a potion of magic
 f - 2 potions of curing
 h - 2 potions of haste {unknown}
 j - a potion of invisibility {unknown}
 n - 3 potions of brilliance {unknown}
 p - a potion of flight {unknown}
 q - a potion of ambrosia {unknown}
 t - a potion of berserk rage {unknown}
 u - a potion of heal wounds {unknown}
 z - a potion of degeneration {unknown}


   Skills:
 + Level 3.0 Fighting
 + Level 4.4 Dodging
 + Level 6.1 Stealth
 + Level 4.1 Spellcasting
 + Level 5.6 Summonings


You had 9 spell levels left.
You knew the following spells:

 Your Spells              Type           Power      Damage    Failure   Level
a - Summon Small Mammal   Summ           100%       N/A       1%          1
b - Call Imp              Summ           50%        N/A       1%          2
c - Call Canine Familiar  Summ           25%        N/A       4%          3

Your spell library contained the following spells:

 Spells                   Type           Power      Damage    Failure   Level
 Summon Guardian Golem    Hex/Summ       14%        N/A       13%         3
 Freeze                   Ice            12%        1d3       14%         1
 Sandblast                Erth           6%         2d5       14%         1
 Passwall                 Tmut/Erth      2%         N/A       21%         2
 Frozen Ramparts          Ice            6%         1d1       38%         3
 Hailstorm                Conj/Ice       3%         3d3       38%         3
 Stone Arrow              Conj/Erth      6%         3d7       38%         3
 Summon Lightning Spire   Summ/Air       14%        N/A       38%         4


Dungeon Overview and Level Annotations

Branches:
Dungeon (5/15)
 Temple: D:4-7

Altars:
Makhleb
Nemelex Xobeh


Innate Abilities, Weirdness & Mutations

You cannot wear most types of armour.
You are amphibious.
You can wear up to eight rings at the same time.
Your skin changes colour to match your surroundings (Stealth+).
Your rubbery body absorbs attacks. (AC +1, EV +1)
((You are camouflaged when in or above water. (Stealth+)))
You have tentacles for arms and can constrict up to eight enemies at once.


Message History

Confirm with . or Enter, or press ? or * to list all spells.
The iguana barely misses you.
Casting: Call Canine Familiar (dangerous; 4% risk of failure)
Confirm with . or Enter, or press ? or * to list all spells.
You don't have enough magic to cast this spell.
You hit the iguana. You drain the iguana. You grab the iguana.
You squeeze the iguana.
The iguana is severely wounded.
You constrict the iguana. The iguana closely misses you.
Your hound bites the black bear.
You barely miss the iguana. You squeeze the iguana.
You kill the iguana!
Your hound bites the black bear.
The water moccasin barely misses you. The black bear barely misses you.
The black bear completely misses you. The black bear closely misses you.
Your hound bites the black bear.
The water moccasin barely misses you.
You have reached level 8!
You hit the water moccasin but do no damage.
You grab the water moccasin.
The water moccasin is severely wounded.
You constrict the water moccasin, but do no damage.
The black bear completely misses you. The black bear barely misses you.
The black bear closely misses you. The phantom misses you.
Your hound bites the black bear.
The water moccasin bites you!
* * * LOW HITPOINT WARNING * * *
You hit the water moccasin. You drain the water moccasin.
You squeeze the water moccasin, but do no damage.
The water moccasin is almost dead.
You constrict the water moccasin.
Your hound bites the black bear.
The water moccasin misses you.
The black bear completely misses you. x2
The black bear barely misses you. The phantom misses you.
Your hound closely misses the black bear.
You hit the water moccasin.
The water moccasin is almost dead.
You constrict the water moccasin. The water moccasin bites you!
* * * LOW HITPOINT WARNING * * *
The black bear bites you.
* * * LOW HITPOINT WARNING * * *
The black bear claws you.
You die...

##.#.###.###...)###...W..#
.....'.._###..†...)....# #
.....###.###......).5.)##.##
.....# #.# #................
.....###'###....r###.......#
....................†.......
.................#.........#
..####........h#†S.#...##...
.##............h@W.#........
.#..##.#....................
#..#...##...#........#..>..
#....#.# ###...............
...###.# ##...)...###.....
#.## #.####........# ..
..####.##...#......##
......<.............
##..........## ...


You could see a water moccasin (drained, ally target), a black bear (ally
target), a phantom, a friendly hound (summoned) and a friendly quokka
(summoned).

Vanquished Creatures
  A water moccasin (D:5)
  A phantom (D:4)
  A howler monkey (D:5)
  A hound (D:4)
  A jelly (D:4)
  2 iguanas (D:5)
  An orc wizard (D:5)
  6 adders
  3 gnolls (D:5)
  5 ball pythons
  3 bats
  5 endoplasms
  4 giant cockroaches
  3 goblins
  A hobgoblin (D:2)
  4 jackals (D:2)
  6 quokkas
  3 rats
51 creatures vanquished.

Vanquished Creatures (collateral kills)
  A black bear (D:5)
  A scorpion (D:5)
  A howler monkey (D:5)
  A gnoll bouda (D:5)
  An iguana (D:4)
  An orc wizard (D:5)
  3 gnolls
  5 adders
  2 orcs (D:5)
  3 ball pythons
  3 endoplasms
  2 giant cockroaches (D:4)
  3 goblins
  2 hobgoblins
  A quokka (D:1)
  3 bats (D:1)
  2 frilled lizards (D:2)
  4 kobolds
  2 rats
41 creatures vanquished.

Grand Total: 92 creatures vanquished

Notes
Turn   | Place    | Note
-------+----------+-------------------------------------------
     0 | D:1      | javelincjr the Octopode Summoner began the quest for the
                  | Orb.
     0 | D:1      | Reached XP level 1. HP: 11/11 MP: 3/3
   154 | D:1      | Reached skill level 3 in Stealth
   154 | D:1      | Reached XP level 2. HP: 15/17 MP: 5/5
   360 | D:1      | Reached XP level 3. HP: 21/21 MP: 6/6
   797 | D:1      | Learned a level 2 spell: Call Imp
   975 | D:2      | Reached XP level 4. HP: 18/27 MP: 3/7
  1026 | D:2      | You fall into a shaft and drop 2 floors!
  1415 | D:2      | Found a faded altar of an unknown god.
  1426 | D:2      | Reached skill level 4 in Stealth
  1660 | D:2      | Reached XP level 5. HP: 31/31 MP: 9/9
  2295 | D:4      | Found a burning altar of Makhleb.
  2431 | D:4      | Noticed a phantom
  2445 | D:4      | HP: 1/32 [phantom (5)]
  2447 | D:4      | Killed a phantom
  2448 | D:4      | Reached skill level 1 in Fighting
  2448 | D:4      | Reached XP level 6. HP: 2/38 MP: 5/10
  2878 | D:4      | Reached skill level 5 in Summonings
  3030 | D:5      | Entered Level 5 of the Dungeon
  3047 | D:5      | Reached skill level 5 in Stealth
  3237 | D:5      | Learned a level 3 spell: Call Canine Familiar
  3328 | D:5      | Reached XP level 7. HP: 45/45 MP: 7/12
  3475 | D:5      | Found a sparkling altar of Nemelex Xobeh.
  3520 | D:5      | Reached skill level 6 in Stealth
  3529 | D:5      | Reached XP level 8. HP: 20/52 MP: 1/14
  3531 | D:5      | HP: 1/52 [black bear (6)]
  3531 | D:5      | Slain by a black bear

Illustrated notes

Levels and vault maps discovered:
D:1:      erik_arrival_triangle_small, layout_basic
D:2:      layout_basic, nicolae_ecumenical_snake_handling, nrook_loot_triangle,
          hangedman_glass_teeth
D:3:      layout_basic
D:4:      layout_loops_ring, lemuel_coloured_pillars_altar,
          dreamdust_princess_bridge
D:5:      layout_rooms, lemuel_doored_altar, minmay_temple_entry_metal_lava,
          kennysheep_flooded_box, grunt_ministairs_12

Skill      XL: |  1  2  3  4  5  6  7 |
---------------+----------------------+-----
Stealth        | 3 4 5 6 |  6.1
Dodging        | 3 4 |  4.4
Spellcasting   | 3 4 |  4.1
Fighting       | 1 2 3 |  3.0
Summonings     | 5 |  5.6

Action                     |  1- 3 |  4- 6 |  7- 9 || total
---------------------------+-------+-------+-------++-------
  Melee: Unarmed           |    29 |       |       ||    29
         Constrict         |    12 |    14 |    11 ||    37
         Tentacles         |     8 |    13 |    13 ||    34
         Short sword       |    11 |    60 |    21 ||    92
   Cast: Summon Small Mamm |    21 |    14 |     1 ||    36
         Call Imp          |     3 |    25 |     3 ||    31
         Call Canine Famil |       |     2 |     6 ||     8
    Use: Potion            |       |       |     1 ||     1
   Stab: Sleeping          |     5 |     8 |       ||    13
 Armour: Skin              |     6 |     2 |       ||     8
  Dodge: Dodged            |    29 |    42 |    60 ||   131
